 Dungeon Crawl Stone Soup version 0.21.1-1-g345015f (webtiles) character file.

348039 tidbits the Black Belt (level 21, -2/165 HPs)
             Began as a Gnoll Transmuter on Feb 28, 2018.
             Was a High Priest of Cheibriados.
             Killed by divine providence
             ... invoked by a deep elf high priest
              (13 damage)
             ... on level 5 of the Vaults on Mar 5, 2018.
             The game lasted 03:30:23 (11570 turns).

tidbits the Black Belt (Gnoll Transmuter)          Turns: 11570, Time: 03:30:24

Health: -2/165     AC: 23    Str: 28    XL:     21   Next: 76%
Magic:  32/49      EV: 27    Int: 42    God:    Cheibriados [*****.]
Gold:   3153       SH:  0    Dex: 34    Spells: 7/49 levels left

rFire    + . .     SeeInvis .     - Unarmed
rCold    . . .     Gourm    .   (shield currently unavailable)
rNeg     . . .     Faith    .   B - +0 fire dragon scales
rPois    +         Spirit   .   E - +3 hat of Pondering {ponderous, MR+ MP+10 Int+5}
rElec    .         Reflect  .   C - +2 cloak
rCorr    .         Harm     .   (gloves currently unavailable)
MR       ++...                  F - +2 pair of boots {Fly}
Stlth    +++++.....             M - amulet of magic regeneration
HPRegen  1.37/turn              S - ring "Lyso" {Ice rPois Dex+4 Slay+3}
MPRegen  0.56/turn              Y - +4 ring of slaying

@: blade hands, singing, flying, regenerating, deflect missiles, very slow
A: distributed training, fangs 1, horns 1, clever 1, strong nose
}: 3/15 runes: barnacled, slimy, gossamer
a: End Transformation, Bend Time, Temporal Distortion, Slouch, Step From Time,
Renounce Religion, Stop Flying


You were on level 5 of the Vaults.
You worshipped Cheibriados.
Cheibriados was extremely pleased with you.
You were not hungry.
You had blades for hands.
You visited 8 branches of the dungeon, and saw 42 of its levels.
You also visited: Labyrinth and Sewer.

You collected 3534 gold pieces.
You spent 381 gold pieces at shops.

Inventory:

Hand Weapons
 a - a +5 hand axe of electrocution (melded)
   (You took it off an orc high priest on level 1 of the Orcish Mines)
 y - a +3 demon trident of electrocution
   (You took it off a merfolk impaler on level 1 of the Shoals)
 I - a +0 broad axe
Missiles
 h - 37 javelins of returning (quivered)
 n - 14 throwing nets {!f}
 J - 10 javelins of penetration
 Q - 343 arrows
Armour
 B - +0 fire dragon scales (worn)
 C - a +2 cloak (worn)
 D - a +0 shield of protection (melded)
   (You found it in a labyrinth)
 E - the +3 hat of Pondering (worn) {ponderous, MR+ MP+10 Int+5}
   (You bought it in a shop on level 2 of the Orcish Mines)

   It affects your intelligence (+5).
   It affects your resistance to hostile enchantments.
   It affects your magic capacity (+10).
 F - a +2 pair of boots of flying (worn)
   (You found it in a labyrinth)
 G - a +2 pair of gloves (melded)
Jewellery
 H - an uncursed ring of fire
   (You found it on level 6 of the Dungeon)
 K - an uncursed ring of resist corrosion
   (You found it on level 3 of the Spider Nest)
 M - an amulet of magic regeneration (around neck)
   (You found it on level 2 of the Dungeon)
 P - an uncursed ring of protection from cold
   (You found it on level 1 of the Lair of Beasts)
 S - the ring "Lyso" (left scythe-like blade) {Ice rPois Dex+4 Slay+3}
   (You found it in a labyrinth)

   [ring of ice]

   It enhances your ice magic.
   It affects your dexterity (+4).
   It affects your accuracy and damage with ranged weapons and melee attacks
   (+3).
   It makes you vulnerable to fire.
   It protects you from cold.
   It protects you from poison.
 W - an uncursed ring of wizardry
   (You found it on level 5 of the Pits of Slime)
 Y - a +4 ring of slaying (right scythe-like blade)
   (You found it on level 9 of the Dungeon)
 Z - an uncursed ring of protection from fire {unknown}
   (You took it off a vault warden on level 5 of the Vaults)
Wands
 d - a wand of digging (15)
 t - a wand of disintegration (36)
 w - a wand of enslavement (36)
 x - a wand of iceblast (13)
 X - a wand of acid (15)
Scrolls
 e - 7 scrolls of immolation
 i - 3 scrolls of identify
 k - a scroll of magic mapping
 l - 4 scrolls of teleportation
 o - a scroll of fear
 q - a scroll of summoning
 r - 8 scrolls of remove curse
 L - 6 scrolls of fog
 V - 7 scrolls of blinking
Potions
 b - a potion of cancellation
 g - 2 potions of brilliance
 j - 2 potions of resistance
 m - 2 potions of agility
 p - 2 potions of ambrosia
 s - 3 potions of invisibility
 u - 3 potions of magic
 v - 2 potions of curing
 z - 2 potions of flight
 N - 3 potions of might
 U - 5 potions of mutation {!q}
Books
 f - a book of Party Tricks
   (You found it on level 5 of the Vaults)

   Spells                             Type                      Level
   a - Summon Butterflies             Summoning                    1
   b - Apportation                    Translocation                1
   c - Lesser Beckoning               Translocation                3
   d - Tukima's Dance                 Hexes                        3
   e - Alistair's Intoxication        Transmutation/Poison         5
   f - Invisibility                   Hexes                        6
Miscellaneous
 A - a phantom mirror
 O - a phial of floods
 R - a box of beasts
 T - a sack of spiders
Comestibles
 c - 32 rations


   Skills:
 + Level 14.2 Fighting
 + Level 14.0 Short Blades
 + Level 14.0 Long Blades
 + Level 14.0 Axes
 + Level 14.0 Maces & Flails
 + Level 14.0 Polearms
 + Level 14.0 Staves
 + Level 14.0 Slings
 + Level 14.0 Bows
 + Level 14.0 Crossbows
 + Level 14.0 Throwing
 + Level 14.0 Armour
 + Level 14.5 Dodging
 + Level 14.0 Stealth
 + Level 14.0 Shields
 + Level 15.1 Unarmed Combat
 + Level 14.6 Spellcasting
 + Level 12.0 Conjurations
 + Level 12.0 Hexes
 + Level 12.0 Charms
 + Level 12.0 Summonings
 + Level 12.0 Necromancy
 + Level 12.0 Translocations
 + Level 12.5 Transmutations
 + Level 12.0 Fire Magic
 + Level 12.0 Ice Magic
 + Level 12.0 Air Magic
 + Level 12.0 Earth Magic
 + Level 12.4 Poison Magic
 + Level 15.0 Invocations
 + Level 14.0 Evocations


You had 7 spell levels left.
You knew the following spells:

 Your Spells              Type           Power        Failure   Level  Hunger
h - Blade Hands           Tmut           #######...   10%         5    None
k - Sticks to Snakes      Tmut           #######.     3%          2    None
m - Deflect Missiles      Chrm/Air       #######...   21%         6    None
n - Animate Skeleton      Necr           N/A          3%          1    None
o - Ozocubu's Armour      Chrm/Ice       ########     5%          3    None
r - Regeneration          Chrm/Necr      #######...   5%          3    None
v - Borgnjor's Vile Clut  Necr/Erth      #######...   11%         5    None
y - Song of Slaying       Chrm           #######.     4%          2    None
A - Apportation           Tloc           ######       3%          1    None
C - Shadow Creatures      Summ           N/A          21%         6    None
L - Summon Lightning Spi  Summ/Air       #######.     8%          4    None
N - Animate Dead          Necr           N/A          8%          4    None


Dungeon Overview and Level Annotations

Branches:
Dungeon (15/15)            Temple (1/1) D:4            Lair (6/6) D:11
 Shoals (4/4) Lair:2       Spider (4/4) Lair:2        Slime (5/5) Lair:5
    Orc (2/2) D:11            Elf (0/3) Orc:2        Vaults (5/5) D:14
  Crypt (0/3) Vaults:2
 Depths: D:15

Altars:
Ashenzari
Cheibriados
Dithmenos
Elyvilon
Fedhas
Gozag
Kikubaaqudgha
Makhleb
Nemelex Xobeh
Okawaru
Qazlal
Ru
Sif Muna
Trog
Uskayaw
Vehumet
Wu Jian
Xom
Yredelemnul
Zin
The Shining One

Shops:
D:6 (   D:14 (   Orc:2 [[%=   Vaults:2 %


Innate Abilities, Weirdness & Mutations

Your experience applies equally to all skills.
You have very sharp teeth.
Your uncanny sense of smell can sniff out nearby items.
You have a pair of small horns on your head.
Your mind is acute. (Int +2)


Message History

The titan is heavily wounded.
You slash the sphinx!
The zombie hands constrict the titan!
The zombie hands constrict the sphinx!
The titan waves its arms in wide circles.
The air twists around and violently strikes you in flight!
* * * LOW HITPOINT WARNING * * *
Unknown command.
You can feel time thicken for a moment.
You kill the sphinx!
Cheibriados thoroughly appreciates the change of pace.
Cheibriados raises the support of your attributes as your movement slows.
You feel somewhat more hungry.
Cheibriados lowers the support of your attributes as your movement quickens.
The zombie hands constrict the titan!!
You kill the titan!
Cheibriados appreciates the change of pace.
The vault warden activates a sealing rune.
Unknown command.
The vault warden throws a silver javelin.
The silver javelin hits you!
* * * LOW HITPOINT WARNING * * *
The silver sears you!
* * * LOW HITPOINT WARNING * * *
The storm dragon breathes lightning at you.
The bolt of lightning hits you!
* * * LOW HITPOINT WARNING * * *
The vault warden throws a silver javelin.
You block the silver javelin.
You hear a shout!
Items here: (( ))))))) [[[[[ Unknown command.
Unknown command.
Casting: Borgnjor's Vile Clutch
Confirm with . or Enter, or press ? or * to list all spells.
You feel very safe from missiles.
The vault warden throws a silver javelin.
The silver javelin completely misses you.
The storm dragon bites you but does no damage.
You block the storm dragon's attack. The storm dragon misses you.
Unknown command.
Okay, then.
The flow of time bends around you.
Cheibriados rebukes the storm dragon.
The storm dragon seems to slow down.
You feel slightly more hungry.
You block the storm dragon's attack. x2; The storm dragon closely misses you.
Casting: Deflect Missiles
Confirm with . or Enter, or press ? or * to list all spells.
Your hands turn into razor-sharp scythe blades.
Your +5 hand axe of electrocution melds into your body.
Your +2 pair of gloves melds into your body.
Your +0 shield of protection melds into your body.
Your +5 hand axe of electrocution stops crackling.
You feel less protected. The storm dragon bites you!
* * * LOW HITPOINT WARNING * * *
The storm dragon completely misses you. The storm dragon misses you.
A golden dragon comes into view.
You shred the storm dragon!!! You bite the storm dragon.
The storm dragon is severely wounded.
You hear two shouts!
The storm dragon bites you but does no damage.
The storm dragon barely misses you. The storm dragon misses you.
You slice the storm dragon!!
You kill the storm dragon!
Cheibriados appreciates the change of pace.
The storm dragon scales are intact enough to wear.
A war gargoyle comes into view.
It is wielding a dire flail of protection.
You slice the vault warden!! You headbutt the vault warden!
Your bite misses the vault warden.
The vault warden is heavily wounded.
You hear a shout!
The vault warden hits you with a dire flail of protection.
* * * LOW HITPOINT WARNING * * *
Unknown command.
You shred the vault warden!!! Your headbutt misses the vault warden.
The vault warden is almost dead.
The golden dragon breathes fire at you. The bolt of fire misses you.
Unknown command.
You hit the vault warden.
You kill the vault warden!
Cheibriados appreciates the change of pace.
The runic seals fade away.
Your Short Blades skill increases to level 14!
Your Long Blades skill increases to level 14!
Your Axes skill increases to level 14!
Your Maces & Flails skill increases to level 14!
Your Polearms skill increases to level 14!
Your Staves skill increases to level 14!
Your Slings skill increases to level 14!
Your Bows skill increases to level 14!
Your Crossbows skill increases to level 14!
Your Throwing skill increases to level 14!
Your Armour skill increases to level 14!
Your Stealth skill increases to level 14!
Your Shields skill increases to level 14!
Your Evocations skill increases to level 14!
A deep elf high priest comes into view.
It is wielding a crude long sword {drain}.
The deep elf high priest calls down the wrath of its god upon you.
Something smites you!
You die...

,,,,,,,,*,,,#....#..#..).........
,,,,,,,,,,,,#...e#..#)...........
*,,,,,*,*..,#....#..#############
,,,,,,,,,...#....#)........,,,,,,
,*,,*,*,*..(#...D#.........,,,,,,
,,,,,,,,,...([(..[([.......,,,,,,
*********##.[9(.[((########******
,,,,,,,,,.....<<([(.......,,,,,,,
,,,,,,,,,....<.)@[........,,,,,,,
,,,,,,,,,....(<<)[(.......,,,,,,,
,,,,,,,,,......((.........,,,,,,,
*********##......)(##############
,,,,,,,,,.|........().#.........#
*,,,,,,,,...#....#)[).#.........#
,*,,,,,,,.(.#....#.))).....#.....
,,*,,,,,,..,#....#....)....#.....
,,,*,,,,,,,,#....###..#..#####..#


You could see a golden dragon, a war gargoyle and a deep elf high priest.

Vanquished Creatures
  the Royal Jelly (Slime:5)
  Dissolution (Slime:2)
  Mara (Vaults:4)
  An ancient lich (Vaults:4)
  The ghost of grindst0ne the Immaculate, an adept FoFi of Zin (Vaults:3)
  3 tentacled monstrosities (Vaults:5)
  6 titans
  3 quicksilver dragons (Vaults:5)
  7 acid blobs
  4 sphinxes
  4 tengu reavers (Vaults:5)
  2 storm dragons (Vaults:5)
  4 shadow dragons (Vaults:5)
  11 azure jellies
  A fire giant (Vaults:4)
  Louise (D:15)
  3 ghost moths (Spider:4)
  16 vault wardens
  3 frost giants
  10 ironheart preservers
  3 emperor scorpions
  A war gargoyle (Vaults:5)
  3 entropy weavers
  4 very ugly things (Vaults:1)
  A vampire knight (Vaults:2)
  10 stone giants
  3 deep elf annihilators
  3 spark wasps (Spider:4)
  A deep elf demonologist (Vaults:5)
  2 small abominations (Vaults:5)
  A large abomination (Vaults:5)
  A deep elf death mage (Vaults:4)
  2 ettins
  4 merfolk javelineers (Shoals:4)
  7 merfolk impalers
  A minotaur (Lab)
  7 death oozes (Slime:5)
  2 great orbs of eyes (Slime:5)
  2 deep elf high priests (Vaults:5)
  A fire dragon (Vaults:3)
  7 yaktaur captains
  2 ice dragons
  2 rakshasas
  2 hydras
  34 vault guards
  4 centaur warriors
  A catoblepas (Lair:4)
  A merfolk avatar (Shoals:4)
  3 merfolk aquamancers
  A death knight (Vaults:4)
  27 two-headed ogres
  3 death yaks (D:11)
  9 ogre magi
  A deep troll shaman (Vaults:2)
  2 alligator snapping turtles
  A tengu warrior (D:15)
  2 deep troll earth magi
  An orc high priest (Orc:1)
  A hell knight (Vaults:5)
  6 deep elf knights
  10 sea snakes
  4 skeletal warriors (D:12)
  2 shadow wraiths
  A glowing orange brain (Vaults:3)
  10 deep trolls
  A flayed ghost (Vaults:4)
  A wizard (Vaults:2)
  3 deep elf archers
  2 phantasmal warriors
  14 harpies
  A kraken simulacrum (Shoals:4)
  Pikel (D:9)
  11 ironbrand convokers
  9 deep elf magi
  A necromancer (Vaults:5)
  14 ugly things
  4 oklob plants (Lair:5)
  3 fauns
  3 orb spiders
  4 orc sorcerers
  7 orc knights
  20 wolf spiders
  3 shining eyes
  A human skeleton (Vaults:5)
  10 manticores
  2 moths of wrath
  10 cyclopes
  14 merfolk sirens
  A human zombie (Vaults:5)
  2 centaur zombies
  A black mamba (Lair:4)
  2 water nymphs
  11 vault sentinels
  Maurice (D:9)
  2 guardian serpents (shapeshifter) (Vaults:5)
  A gargoyle (D:14)
  7 spiny frogs
  A centaur skeleton (D:14)
  A torpor snail (Spider:1)
  A kobold demonologist (D:11)
  4 freezing wraiths
  3 komodo dragons
  40 yaktaurs
  A tengu conjurer (D:15)
  9 demonic crawlers
  14 jumping spiders
  2 trolls
  32 merfolk
  3 polar bears
  A queen bee (shapeshifter) (Vaults:5)
  10 hornets
  5 wind drakes
  17 slime creatures
  5 blink frogs (Lair:5)
  2 dream sheep (Shoals:2)
  6 hippogriffs
  13 snapping turtles
  29 tarantellas
  An elf zombie (Vaults:5)
  39 redbacks
  A spriggan (shapeshifter) (Vaults:5)
  2 wraiths
  2 wyverns
  5 vampires
  23 yaks
  8 water elementals
  A hungry ghost (D:11)
  A basilisk (D:11)
  2 wargs
  2 water moccasins
  4 porcupines
  An ice beast (shapeshifter) (Vaults:2)
  15 orc warriors
  2 slaves (D:9)
  3 eyes of draining
  2 black bears
  4 phantoms
  A necrophage (D:12)
  34 ogres
  A sky beast (D:9)
  27 wolves (Lair:2)
  12 centaurs
  8 crocodiles
  10 bullfrogs
  3 scorpions
  6 killer bees (D:8)
  5 wights (D:15)
  2 electric eels (Spider:2)
  4 howler monkeys
  7 crimson imps
  2 hounds
  A quasit (D:10)
  2 jellies (D:6)
  13 orc wizards
  A bullfrog skeleton (D:6)
  6 orc priests
  Ijyb (D:5)
  Natasha (D:2)
  An iguana (D:7)
  4 worker ants
  A killer bee zombie (D:8)
  A worker ant zombie (D:10)
  A howler monkey zombie (D:7)
  10 adders
  3 gnolls (D:2)
  A shadow imp (Spider:1)
  An ooze (D:1)
  An adder zombie (D:7)
  An adder skeleton (D:7)
  A worm (D:3)
  A dart slug (D:4)
  3 leopard geckos
  62 orcs
  6 bats
  3 giant cockroaches
  3 goblins
  A hobgoblin (D:1)
  10 jackals
  A quokka (D:8)
  2 frilled lizards
  4 kobolds
  2 leopard gecko skeletons
  2 rats (D:1)
  14 crawling corpses (Vaults:5)
  A plant (Shoals:3)
1051 creatures vanquished.

Vanquished Creatures (collateral kills)
  2 acid blobs (Slime:5)
  An azure jelly (Slime:5)
  A death ooze (Slime:5)
  A hydra (Lair:4)
  A two-headed ogre (Orc:2)
  A sea snake (Shoals:1)
  2 harpies (Shoals:1)
  12 orb spiders
  A shining eye (Slime:5)
  An eye of devastation (Slime:5)
  A vault sentinel (Vaults:2)
  3 spiny frogs
  A jumping spider (Spider:1)
  A hornet (Vaults:4)
  A wind drake (Shoals:1)
  A slime creature (Slime:5)
  2 blink frogs (Lair:5)
  A redback (Spider:4)
  A yak (Lair:4)
  A water moccasin (Lair:1)
  2 ogres (Orc:2)
  An eye of draining (D:9)
  A crocodile (Lair:5)
  Blork the orc (D:5)
  A bullfrog zombie (D:8)
  An adder (D:2)
  4 orcs
  A hobgoblin (D:2)
  A plant (Shoals:4)
49 creatures vanquished.

Vanquished Creatures (others)
  A deep elf knight (Vaults:2)
  An ironbrand convoker (Vaults:2)
  A deep elf mage (Vaults:2)
  A water nymph (Shoals:3)
  A yaktaur (Vaults:2)
  2 ogres (D:9)
  4 plants (Shoals:1)
  4 tentacles (Shoals:4)
15 creatures vanquished.

Grand Total: 1115 creatures vanquished

Notes
Turn   | Place    | Note
-------+----------+-------------------------------------------
     0 | D:1      | tidbits the Gnoll Transmuter began the quest for the Orb.
     0 | D:1      | Reached XP level 1. HP: 17/17 MP: 6/6
   106 | D:1      | Reached XP level 2. HP: 20/23 MP: 4/7
   115 | D:1      | Learned a level 2 spell: Sticks to Snakes
   155 | D:2      | Reached XP level 3. HP: 22/28 MP: 6/9
   160 | D:2      | Learned a level 3 spell: Spider Form
   268 | D:2      | Reached skill level 5 in Spellcasting
   270 | D:2      | Noticed Natasha
   273 | D:2      | Killed Natasha
   273 | D:2      | Reached skill level 1 in Invocations
   273 | D:2      | Reached skill level 1 in Short Blades
   273 | D:2      | Reached skill level 1 in Long Blades
   273 | D:2      | Reached skill level 1 in Axes
   273 | D:2      | Reached skill level 1 in Maces & Flails
   273 | D:2      | Reached skill level 1 in Polearms
   273 | D:2      | Reached skill level 1 in Staves
   273 | D:2      | Reached skill level 1 in Slings
   273 | D:2      | Reached skill level 1 in Bows
   273 | D:2      | Reached skill level 1 in Crossbows
   273 | D:2      | Reached skill level 1 in Throwing
   273 | D:2      | Reached skill level 1 in Armour
   273 | D:2      | Reached skill level 1 in Stealth
   273 | D:2      | Reached skill level 1 in Shields
   273 | D:2      | Reached skill level 1 in Evocations
   317 | D:2      | Reached XP level 4. HP: 34/34 MP: 6/11
   491 | D:4      | Reached skill level 1 in Conjurations
   491 | D:4      | Reached skill level 1 in Hexes
   491 | D:4      | Reached skill level 1 in Charms
   491 | D:4      | Reached skill level 1 in Summonings
   491 | D:4      | Reached skill level 1 in Necromancy
   491 | D:4      | Reached skill level 1 in Translocations
   491 | D:4      | Reached skill level 1 in Fire Magic
   491 | D:4      | Reached skill level 1 in Ice Magic
   491 | D:4      | Reached skill level 1 in Air Magic
   491 | D:4      | Reached skill level 1 in Earth Magic
   491 | D:4      | Reached skill level 1 in Poison Magic
   497 | D:4      | Reached XP level 5. HP: 37/40 MP: 12/12
   526 | D:4      | Found a hide-covered altar of Uskayaw.
   676 | D:4      | Noticed a phantom
   680 | D:4      | Found a staircase to the Ecumenical Temple.
   681 | D:4      | Noticed an ogre
   688 | Temple   | Entered the Ecumenical Temple
   769 | Temple   | Became a worshipper of Cheibriados the Contemplative
   815 | D:4      | Killed a phantom
   815 | D:4      | Reached skill level 3 in Fighting
   815 | D:4      | Reached skill level 4 in Transmutations
   834 | D:4      | Killed an ogre
   834 | D:4      | Reached skill level 2 in Invocations
   834 | D:4      | Reached XP level 6. HP: 47/47 MP: 11/14
   869 | D:5      | Entered Level 5 of the Dungeon
   872 | D:5      | Noticed Blork the orc
   883 | D:5      | Killed Blork the orc
   883 | D:5      | Reached skill level 2 in Short Blades
   883 | D:5      | Reached skill level 2 in Long Blades
   883 | D:5      | Reached skill level 2 in Axes
   883 | D:5      | Reached skill level 2 in Maces & Flails
   883 | D:5      | Reached skill level 2 in Polearms
   883 | D:5      | Reached skill level 2 in Staves
   883 | D:5      | Reached skill level 2 in Slings
   883 | D:5      | Reached skill level 2 in Bows
   883 | D:5      | Reached skill level 2 in Crossbows
   883 | D:5      | Reached skill level 2 in Throwing
   883 | D:5      | Reached skill level 2 in Armour
   883 | D:5      | Reached skill level 5 in Dodging
   883 | D:5      | Reached skill level 2 in Stealth
   883 | D:5      | Reached skill level 2 in Shields
   883 | D:5      | Reached skill level 2 in Evocations
   926 | D:6      | Found Moxigh's Antique Weapon Emporium.
  1007 | D:6      | Learned a level 3 spell: Ozocubu's Armour
  1106 | D:6      | Reached XP level 7. HP: 45/52 MP: 15/15
  1111 | D:6      | Reached skill level 7 in Unarmed Combat
  1149 | D:7      | Got a crude ring mail
  1155 | D:7      | Reached * piety under Cheibriados
  1203 | D:7      | Identified the +3 ring mail of Rotation {Str+2} (You found it on level 7 of the Dungeon)
  1209 | D:7      | Learned a level 5 spell: Blade Hands
  1225 | D:5      | Noticed Ijyb
  1233 | D:5      | Killed Ijyb
  1233 | D:5      | Reached skill level 2 in Conjurations
  1233 | D:5      | Reached skill level 2 in Hexes
  1233 | D:5      | Reached skill level 2 in Charms
  1233 | D:5      | Reached skill level 2 in Summonings
  1233 | D:5      | Reached skill level 2 in Necromancy
  1233 | D:5      | Reached skill level 2 in Translocations
  1233 | D:5      | Reached skill level 2 in Fire Magic
  1233 | D:5      | Reached skill level 2 in Ice Magic
  1233 | D:5      | Reached skill level 2 in Air Magic
  1233 | D:5      | Reached skill level 2 in Earth Magic
  1233 | D:5      | Reached skill level 2 in Poison Magic
  1320 | D:5      | Found a glowing drain.
  1329 | Sewer    | Entered a sewer
  1591 | D:6      | Reached skill level 3 in Invocations
  1690 | D:6      | Reached XP level 8. HP: 55/60 MP: 13/16
  1694 | D:6      | Reached ** piety under Cheibriados
  1814 | D:7      | Reached skill level 4 in Fighting
  1818 | D:7      | Reached skill level 3 in Short Blades
  1818 | D:7      | Reached skill level 3 in Long Blades
  1818 | D:7      | Reached skill level 3 in Axes
  1818 | D:7      | Reached skill level 3 in Maces & Flails
  1818 | D:7      | Reached skill level 3 in Polearms
  1818 | D:7      | Reached skill level 3 in Staves
  1818 | D:7      | Reached skill level 3 in Slings
  1818 | D:7      | Reached skill level 3 in Bows
  1818 | D:7      | Reached skill level 3 in Crossbows
  1818 | D:7      | Reached skill level 3 in Throwing
  1818 | D:7      | Reached skill level 3 in Armour
  1818 | D:7      | Reached skill level 3 in Stealth
  1818 | D:7      | Reached skill level 3 in Shields
  1818 | D:7      | Reached skill level 3 in Evocations
  1852 | D:7      | Reached skill level 6 in Spellcasting
  1946 | D:8      | Noticed a two-headed ogre
  1956 | D:8      | Killed a two-headed ogre
  1956 | D:8      | Reached skill level 6 in Dodging
  1956 | D:8      | Reached skill level 3 in Conjurations
  1956 | D:8      | Reached skill level 3 in Hexes
  1956 | D:8      | Reached skill level 3 in Charms
  1956 | D:8      | Reached skill level 3 in Summonings
  1956 | D:8      | Reached skill level 3 in Necromancy
  1956 | D:8      | Reached skill level 3 in Translocations
  1956 | D:8      | Reached skill level 5 in Transmutations
  1956 | D:8      | Reached skill level 3 in Fire Magic
  1956 | D:8      | Reached skill level 3 in Ice Magic
  1956 | D:8      | Reached skill level 3 in Air Magic
  1956 | D:8      | Reached skill level 3 in Earth Magic
  1956 | D:8      | Reached skill level 3 in Poison Magic
  1956 | D:8      | Reached skill level 4 in Invocations
  1956 | D:8      | Reached XP level 9. HP: 32/66 MP: 14/18
  1974 | D:8      | Gained mutation: Your mind is acute. (Int +2) [potion of mutation]
  1974 | D:8      | Gained mutation: You have a pair of small horns on your head. [potion of mutation]
  2053 | D:8      | Reached skill level 4 in Short Blades
  2053 | D:8      | Reached skill level 4 in Long Blades
  2053 | D:8      | Reached skill level 4 in Axes
  2053 | D:8      | Reached skill level 4 in Maces & Flails
  2053 | D:8      | Reached skill level 4 in Polearms
  2053 | D:8      | Reached skill level 4 in Staves
  2053 | D:8      | Reached skill level 4 in Slings
  2053 | D:8      | Reached skill level 4 in Bows
  2053 | D:8      | Reached skill level 4 in Crossbows
  2053 | D:8      | Reached skill level 4 in Throwing
  2053 | D:8      | Reached skill level 4 in Armour
  2053 | D:8      | Reached skill level 4 in Stealth
  2053 | D:8      | Reached skill level 4 in Shields
  2053 | D:8      | Reached skill level 4 in Evocations
  2140 | D:8      | Reached skill level 5 in Fighting
  2158 | D:8      | Noticed a two-headed ogre
  2173 | D:8      | Killed a two-headed ogre
  2173 | D:8      | Reached *** piety under Cheibriados
  2173 | D:8      | Reached skill level 8 in Unarmed Combat
  2173 | D:8      | Reached skill level 5 in Invocations
  2187 | D:9      | Noticed Maurice
  2192 | D:9      | Killed Maurice
  2192 | D:9      | Reached skill level 7 in Spellcasting
  2192 | D:9      | Reached XP level 10. HP: 74/74 MP: 20/20
  2217 | D:9      | Reached skill level 4 in Conjurations
  2217 | D:9      | Reached skill level 4 in Hexes
  2217 | D:9      | Reached skill level 4 in Charms
  2217 | D:9      | Reached skill level 4 in Summonings
  2217 | D:9      | Reached skill level 4 in Necromancy
  2217 | D:9      | Reached skill level 4 in Translocations
  2217 | D:9      | Reached skill level 4 in Fire Magic
  2217 | D:9      | Reached skill level 4 in Ice Magic
  2217 | D:9      | Reached skill level 4 in Air Magic
  2217 | D:9      | Reached skill level 4 in Earth Magic
  2217 | D:9      | Reached skill level 4 in Poison Magic
  2316 | D:9      | Reached skill level 5 in Short Blades
  2316 | D:9      | Reached skill level 5 in Long Blades
  2316 | D:9      | Reached skill level 5 in Axes
  2316 | D:9      | Reached skill level 5 in Maces & Flails
  2316 | D:9      | Reached skill level 5 in Polearms
  2316 | D:9      | Reached skill level 5 in Staves
  2316 | D:9      | Reached skill level 5 in Slings
  2316 | D:9      | Reached skill level 5 in Bows
  2316 | D:9      | Reached skill level 5 in Crossbows
  2316 | D:9      | Reached skill level 5 in Throwing
  2316 | D:9      | Reached skill level 5 in Armour
  2316 | D:9      | Reached skill level 5 in Stealth
  2316 | D:9      | Reached skill level 5 in Shields
  2316 | D:9      | Reached skill level 5 in Evocations
  2405 | D:9      | Found a shimmering altar of Xom.
  2427 | D:9      | Reached skill level 7 in Dodging
  2482 | D:10     | Entered Level 10 of the Dungeon
  2594 | D:10     | Reached **** piety under Cheibriados
  2598 | D:10     | Reached skill level 6 in Fighting
  2666 | D:10     | Noticed a two-headed ogre
  2676 | D:10     | Killed a two-headed ogre
  2676 | D:10     | Reached skill level 6 in Transmutations
  2676 | D:10     | Reached skill level 6 in Invocations
  2728 | D:9      | Noticed Pikel
  2734 | D:9      | Killed Pikel
  2734 | D:9      | Reached XP level 11. HP: 80/82 MP: 14/22
  2792 | D:11     | Noticed a death yak
  2792 | D:11     | Noticed a death yak
  2793 | D:11     | Noticed a death yak
  2793 | D:11     | Noticed a cyclops
  2801 | D:11     | Killed a death yak
  2801 | D:11     | Reached skill level 6 in Short Blades
  2801 | D:11     | Reached skill level 6 in Long Blades
  2801 | D:11     | Reached skill level 6 in Axes
  2801 | D:11     | Reached skill level 6 in Maces & Flails
  2801 | D:11     | Reached skill level 6 in Polearms
  2801 | D:11     | Reached skill level 6 in Staves
  2801 | D:11     | Reached skill level 6 in Slings
  2801 | D:11     | Reached skill level 6 in Bows
  2801 | D:11     | Reached skill level 6 in Crossbows
  2801 | D:11     | Reached skill level 6 in Throwing
  2801 | D:11     | Reached skill level 6 in Armour
  2801 | D:11     | Reached skill level 6 in Stealth
  2801 | D:11     | Reached skill level 6 in Shields
  2801 | D:11     | Reached skill level 9 in Unarmed Combat
  2801 | D:11     | Reached skill level 6 in Evocations
  2806 | D:11     | Killed a death yak
  2806 | D:11     | Reached skill level 8 in Spellcasting
  2806 | D:11     | Reached skill level 5 in Conjurations
  2806 | D:11     | Reached skill level 5 in Hexes
  2806 | D:11     | Reached skill level 5 in Charms
  2806 | D:11     | Reached skill level 5 in Summonings
  2806 | D:11     | Reached skill level 5 in Necromancy
  2806 | D:11     | Reached skill level 5 in Translocations
  2806 | D:11     | Reached skill level 5 in Fire Magic
  2806 | D:11     | Reached skill level 5 in Ice Magic
  2806 | D:11     | Reached skill level 5 in Air Magic
  2806 | D:11     | Reached skill level 5 in Earth Magic
  2806 | D:11     | Reached skill level 5 in Poison Magic
  2817 | D:11     | Killed a death yak
  2829 | D:11     | Killed a cyclops
  2836 | D:11     | Found a staircase to the Lair.
  2839 | D:12     | Noticed a purple ugly thing
  2871 | D:11     | Noticed a brown ugly thing
  2879 | D:11     | Killed a brown ugly thing
  2879 | D:11     | Reached skill level 7 in Invocations
  2902 | D:13     | Noticed a phantasmal warrior
  2962 | D:11     | Reached skill level 7 in Fighting
  2962 | D:11     | Reached skill level 8 in Dodging
  3012 | D:11     | Noticed a two-headed ogre
  3016 | D:11     | Killed a two-headed ogre
  3026 | D:12     | Killed a purple ugly thing
  3026 | D:12     | Reached ***** piety under Cheibriados
  3142 | D:11     | Reached XP level 12. HP: 91/91 MP: 20/24
  3165 | D:11     | Found a staircase to the Orcish Mines.
  3168 | Orc:1    | Entered Level 1 of the Orcish Mines
  3200 | Orc:1    | Noticed an orc high priest
  3209 | Orc:1    | Killed an orc high priest
  3211 | Orc:1    | Noticed a sun demon
  3291 | Orc:1    | Noticed a soul eater
  3300 | Orc:1    | Reached skill level 7 in Transmutations
  3342 | Orc:1    | Noticed a two-headed ogre
  3348 | Orc:1    | Killed a two-headed ogre
  3348 | Orc:1    | Reached skill level 7 in Short Blades
  3348 | Orc:1    | Reached skill level 7 in Long Blades
  3348 | Orc:1    | Reached skill level 7 in Axes
  3348 | Orc:1    | Reached skill level 7 in Maces & Flails
  3348 | Orc:1    | Reached skill level 7 in Polearms
  3348 | Orc:1    | Reached skill level 7 in Staves
  3348 | Orc:1    | Reached skill level 7 in Slings
  3348 | Orc:1    | Reached skill level 7 in Bows
  3348 | Orc:1    | Reached skill level 7 in Crossbows
  3348 | Orc:1    | Reached skill level 7 in Throwing
  3348 | Orc:1    | Reached skill level 7 in Armour
  3348 | Orc:1    | Reached skill level 7 in Stealth
  3348 | Orc:1    | Reached skill level 7 in Shields
  3348 | Orc:1    | Reached skill level 7 in Evocations
  3369 | Orc:2    | Entered Level 2 of the Orcish Mines
  3428 | Orc:2    | Found a labyrinth entrance.
  3463 | Lab      | Entered a labyrinth
  3651 | Lab      | Noticed a minotaur
  3656 | Lab      | Killed a minotaur
  3664 | Lab      | Got a warped scale mail
  3664 | Lab      | Got a clouded turquoise ring
  3666 | Lab      | Identified the ring "Lyso" {Ice rPois Dex+4 Slay+3} (You found it in a labyrinth)
  3770 | Orc:2    | Reached skill level 6 in Conjurations
  3770 | Orc:2    | Reached skill level 6 in Hexes
  3770 | Orc:2    | Reached skill level 6 in Charms
  3770 | Orc:2    | Reached skill level 6 in Summonings
  3770 | Orc:2    | Reached skill level 6 in Necromancy
  3770 | Orc:2    | Reached skill level 6 in Translocations
  3770 | Orc:2    | Reached skill level 6 in Fire Magic
  3770 | Orc:2    | Reached skill level 6 in Ice Magic
  3770 | Orc:2    | Reached skill level 6 in Air Magic
  3770 | Orc:2    | Reached skill level 6 in Earth Magic
  3770 | Orc:2    | Reached skill level 6 in Poison Magic
  3774 | Orc:2    | Found a burning altar of Makhleb.
  3875 | Orc:2    | Found a staircase to the Elven Halls.
  3937 | Orc:2    | Noticed a two-headed ogre
  3939 | Orc:2    | Noticed an ogre mage
  3951 | Orc:2    | Killed a two-headed ogre
  3951 | Orc:2    | Reached skill level 8 in Invocations
  3954 | Orc:2    | Reached skill level 9 in Spellcasting
  3957 | Orc:2    | Killed an ogre mage
  3970 | Orc:2    | Noticed a two-headed ogre
  3971 | Orc:2    | Noticed a two-headed ogre
  3977 | Orc:2    | Killed a two-headed ogre
  3980 | Orc:2    | Killed a two-headed ogre
  3980 | Orc:2    | Reached skill level 8 in Fighting
  3980 | Orc:2    | Reached skill level 10 in Unarmed Combat
  3997 | Orc:2    | Reached ****** piety under Cheibriados
  4004 | Orc:2    | Noticed an ogre mage
  4010 | Orc:2    | Noticed a two-headed ogre
  4010 | Orc:2    | Killed an ogre mage
  4010 | Orc:2    | Reached skill level 9 in Dodging
  4015 | Orc:2    | Killed a two-headed ogre
  4017 | Orc:2    | Reached XP level 13. HP: 98/98 MP: 26/26
  4030 | Orc:2    | Noticed an ogre mage
  4038 | Orc:2    | Killed an ogre mage
  4066 | Orc:2    | Reached skill level 8 in Short Blades
  4066 | Orc:2    | Reached skill level 8 in Long Blades
  4066 | Orc:2    | Reached skill level 8 in Axes
  4066 | Orc:2    | Reached skill level 8 in Maces & Flails
  4066 | Orc:2    | Reached skill level 8 in Polearms
  4066 | Orc:2    | Reached skill level 8 in Staves
  4066 | Orc:2    | Reached skill level 8 in Slings
  4066 | Orc:2    | Reached skill level 8 in Bows
  4066 | Orc:2    | Reached skill level 8 in Crossbows
  4066 | Orc:2    | Reached skill level 8 in Throwing
  4066 | Orc:2    | Reached skill level 8 in Armour
  4066 | Orc:2    | Reached skill level 8 in Stealth
  4066 | Orc:2    | Reached skill level 8 in Shields
  4066 | Orc:2    | Reached skill level 8 in Evocations
  4068 | Orc:2    | Found Waz Kikiorgh's Armour Emporium.
  4068 | Orc:2    | Found Ujueneol's Jewellery Shop.
  4068 | Orc:2    | Found Sivymufuj's Antique Armour Boutique.
  4068 | Orc:2    | Found Xoti's Food Emporium.
  4104 | Orc:2    | Bought the +3 hat of Pondering {ponderous, MR+ MP+10 Int+5} for 381 gold pieces
  4104 | Orc:2    | Found the +3 hat of Pondering {ponderous, MR+ MP+10 Int+5}
  4240 | Lair:1   | Entered Level 1 of the Lair of Beasts
  4332 | Lair:1   | Reached skill level 9 in Invocations
  4366 | Lair:2   | Found a hole to the Spider Nest.
  4432 | Lair:1   | Reached skill level 8 in Transmutations
  4533 | Lair:2   | Reached skill level 7 in Conjurations
  4533 | Lair:2   | Reached skill level 7 in Hexes
  4533 | Lair:2   | Reached skill level 7 in Charms
  4533 | Lair:2   | Reached skill level 7 in Summonings
  4533 | Lair:2   | Reached skill level 7 in Necromancy
  4533 | Lair:2   | Reached skill level 7 in Translocations
  4533 | Lair:2   | Reached skill level 7 in Fire Magic
  4533 | Lair:2   | Reached skill level 7 in Ice Magic
  4533 | Lair:2   | Reached skill level 7 in Air Magic
  4533 | Lair:2   | Reached skill level 7 in Earth Magic
  4533 | Lair:2   | Reached skill level 7 in Poison Magic
  4611 | Spider:1 | Entered Level 1 of the Spider Nest
  4611 | Spider:1 | Noticed an entropy weaver
  4613 | Spider:1 | Killed an entropy weaver
  4613 | Spider:1 | Reached skill level 9 in Fighting
  4633 | Spider:1 | Reached skill level 10 in Spellcasting
  4663 | Spider:1 | Reached XP level 14. HP: 86/108 MP: 28/28
  4756 | Spider:1 | Noticed an emperor scorpion
  4764 | Spider:1 | HP: 4/108 [emperor scorpion (23)]
  4766 | Spider:1 | Reached skill level 10 in Dodging
  4772 | Spider:1 | Killed an emperor scorpion
  4816 | Spider:2 | Reached skill level 9 in Short Blades
  4816 | Spider:2 | Reached skill level 9 in Long Blades
  4816 | Spider:2 | Reached skill level 9 in Axes
  4816 | Spider:2 | Reached skill level 9 in Maces & Flails
  4816 | Spider:2 | Reached skill level 9 in Polearms
  4816 | Spider:2 | Reached skill level 9 in Staves
  4816 | Spider:2 | Reached skill level 9 in Slings
  4816 | Spider:2 | Reached skill level 9 in Bows
  4816 | Spider:2 | Reached skill level 9 in Crossbows
  4816 | Spider:2 | Reached skill level 9 in Throwing
  4816 | Spider:2 | Reached skill level 9 in Armour
  4816 | Spider:2 | Reached skill level 9 in Stealth
  4816 | Spider:2 | Reached skill level 9 in Shields
  4816 | Spider:2 | Reached skill level 11 in Unarmed Combat
  4816 | Spider:2 | Reached skill level 9 in Evocations
  5059 | Spider:4 | Entered Level 4 of the Spider Nest
  5175 | Spider:4 | Reached skill level 10 in Invocations
  5290 | Spider:4 | Killed a ghost moth
  5347 | Spider:4 | Noticed an emperor scorpion
  5348 | Spider:4 | Noticed an emperor scorpion
  5351 | Spider:4 | Killed an emperor scorpion
  5366 | Spider:4 | Killed a ghost moth
  5366 | Spider:4 | Reached skill level 8 in Conjurations
  5366 | Spider:4 | Reached skill level 8 in Hexes
  5366 | Spider:4 | Reached skill level 8 in Charms
  5366 | Spider:4 | Reached skill level 8 in Summonings
  5366 | Spider:4 | Reached skill level 8 in Necromancy
  5366 | Spider:4 | Reached skill level 8 in Translocations
  5366 | Spider:4 | Reached skill level 8 in Fire Magic
  5366 | Spider:4 | Reached skill level 8 in Ice Magic
  5366 | Spider:4 | Reached skill level 8 in Air Magic
  5366 | Spider:4 | Reached skill level 8 in Earth Magic
  5366 | Spider:4 | Reached skill level 8 in Poison Magic
  5366 | Spider:4 | Reached XP level 15. HP: 83/115 MP: 29/29
  5376 | Spider:4 | Got a gossamer rune of Zot
  5384 | Spider:4 | Killed an emperor scorpion
  5384 | Spider:4 | Reached skill level 9 in Transmutations
  5403 | Spider:4 | Reached skill level 10 in Fighting
  5438 | Spider:4 | Killed a ghost moth
  5796 | Spider:1 | Reached skill level 11 in Spellcasting
  5972 | Spider:2 | You are sucked into a shaft!
  6122 | Lair:3   | Learned a level 3 spell: Regeneration
  6128 | Lair:3   | Learned a level 5 spell: Borgnjor's Vile Clutch
  6133 | Lair:3   | Learned a level 4 spell: Animate Dead
  6183 | Lair:4   | Reached skill level 10 in Short Blades
  6183 | Lair:4   | Reached skill level 10 in Long Blades
  6183 | Lair:4   | Reached skill level 10 in Axes
  6183 | Lair:4   | Reached skill level 10 in Maces & Flails
  6183 | Lair:4   | Reached skill level 10 in Polearms
  6183 | Lair:4   | Reached skill level 10 in Staves
  6183 | Lair:4   | Reached skill level 10 in Slings
  6183 | Lair:4   | Reached skill level 10 in Bows
  6183 | Lair:4   | Reached skill level 10 in Crossbows
  6183 | Lair:4   | Reached skill level 10 in Throwing
  6183 | Lair:4   | Reached skill level 10 in Armour
  6183 | Lair:4   | Reached skill level 10 in Stealth
  6183 | Lair:4   | Reached skill level 10 in Shields
  6183 | Lair:4   | Reached skill level 10 in Evocations
  6358 | Lair:4   | Reached skill level 11 in Dodging
  6536 | Lair:2   | Identified the +1 scale mail of the Seven Orbs {*Slow rF+++ Dex+5} (You found it in a labyrinth)
  6541 | Lair:2   | Found a staircase to the Shoals.
  6564 | Shoals:1 | Entered Level 1 of the Shoals
  6575 | Shoals:1 | Reached skill level 11 in Invocations
  6580 | Shoals:1 | HP: 6/117 [sea snake (13)]
  6580 | Shoals:1 | HP: 1/117 [merfolk/spear (5)]
  6681 | Shoals:1 | Reached skill level 12 in Unarmed Combat
  6683 | Shoals:1 | Reached XP level 16. HP: 75/124 MP: 31/31
  6941 | Shoals:4 | Entered Level 4 of the Shoals
  7036 | Shoals:4 | Reached skill level 9 in Conjurations
  7036 | Shoals:4 | Reached skill level 9 in Hexes
  7036 | Shoals:4 | Reached skill level 9 in Charms
  7036 | Shoals:4 | Reached skill level 9 in Summonings
  7036 | Shoals:4 | Reached skill level 9 in Necromancy
  7036 | Shoals:4 | Reached skill level 9 in Translocations
  7036 | Shoals:4 | Reached skill level 9 in Fire Magic
  7036 | Shoals:4 | Reached skill level 9 in Ice Magic
  7036 | Shoals:4 | Reached skill level 9 in Air Magic
  7036 | Shoals:4 | Reached skill level 9 in Earth Magic
  7036 | Shoals:4 | Reached skill level 9 in Poison Magic
  7131 | Shoals:4 | Reached skill level 11 in Fighting
  7291 | Shoals:4 | Learned a level 1 spell: Animate Skeleton
  7327 | Shoals:4 | Reached skill level 10 in Transmutations
  7383 | Shoals:4 | Learned a level 6 spell: Deflect Missiles
  7400 | Shoals:4 | HP: 12/125 [merfolk impaler/demon trident of freezing (11)]
  7402 | Shoals:4 | HP: 5/125 [snapping turtle (4)]
  7412 | Shoals:4 | Got a barnacled rune of Zot
  7487 | Shoals:3 | Noticed a titan
  7495 | Shoals:3 | Reached skill level 11 in Short Blades
  7495 | Shoals:3 | Reached skill level 11 in Long Blades
  7495 | Shoals:3 | Reached skill level 11 in Axes
  7495 | Shoals:3 | Reached skill level 11 in Maces & Flails
  7495 | Shoals:3 | Reached skill level 11 in Polearms
  7495 | Shoals:3 | Reached skill level 11 in Staves
  7495 | Shoals:3 | Reached skill level 11 in Slings
  7495 | Shoals:3 | Reached skill level 11 in Bows
  7495 | Shoals:3 | Reached skill level 11 in Crossbows
  7495 | Shoals:3 | Reached skill level 11 in Throwing
  7495 | Shoals:3 | Reached skill level 11 in Armour
  7495 | Shoals:3 | Reached skill level 11 in Stealth
  7495 | Shoals:3 | Reached skill level 11 in Shields
  7495 | Shoals:3 | Reached skill level 11 in Evocations
  7510 | Shoals:3 | Killed a titan
  7510 | Shoals:3 | Reached skill level 12 in Spellcasting
  7521 | Shoals:3 | Reached XP level 17. HP: 52/131 MP: 33/33
  7589 | Shoals:2 | Found a runed door.
  7616 | Shoals:2 | Reached skill level 12 in Invocations
  8068 | Lair:5   | Found a staircase to the Slime Pits.
  8079 | Lair:5   | Reached skill level 12 in Dodging
  8112 | Lair:5   | Learned a level 6 spell: Shadow Creatures
  8123 | Slime:1  | Entered Level 1 of the Pits of Slime
  8134 | Slime:2  | Noticed Dissolution
  8134 | Slime:2  | Noticed an acid blob
  8136 | Slime:2  | Noticed an acid blob
  8159 | Slime:2  | Killed Dissolution
  8160 | Slime:2  | Killed an acid blob
  8163 | Slime:2  | Killed an acid blob
  8180 | Slime:2  | Reached skill level 10 in Poison Magic
  8294 | Slime:5  | Entered Level 5 of the Pits of Slime
  8310 | Slime:5  | Noticed an acid blob
  8322 | Slime:5  | Killed an acid blob
  8322 | Slime:5  | Reached skill level 13 in Unarmed Combat
  8325 | Slime:5  | Noticed an acid blob
  8331 | Slime:5  | Killed an acid blob
  8350 | Slime:5  | Noticed the Royal Jelly
  8374 | Slime:5  | Noticed an acid blob
  8377 | Slime:5  | Noticed an acid blob
  8385 | Slime:5  | Killed an acid blob
  8390 | Slime:5  | Killed an acid blob
  8405 | Slime:5  | Noticed an acid blob
  8414 | Slime:5  | Killed the Royal Jelly
  8414 | Slime:5  | Reached skill level 12 in Fighting
  8414 | Slime:5  | Reached skill level 10 in Conjurations
  8414 | Slime:5  | Reached skill level 10 in Hexes
  8414 | Slime:5  | Reached skill level 10 in Charms
  8414 | Slime:5  | Reached skill level 10 in Summonings
  8414 | Slime:5  | Reached skill level 10 in Necromancy
  8414 | Slime:5  | Reached skill level 10 in Translocations
  8414 | Slime:5  | Reached skill level 10 in Fire Magic
  8414 | Slime:5  | Reached skill level 10 in Ice Magic
  8414 | Slime:5  | Reached skill level 10 in Air Magic
  8414 | Slime:5  | Reached skill level 10 in Earth Magic
  8414 | Slime:5  | Reached XP level 18. HP: 98/140 MP: 8/34
  8444 | Slime:5  | Found the +8 frozen axe "Frostbite" {freezing cloud, *Noise +Fly rC+}
  8445 | Slime:5  | Identified the Incunabulum of Dark Magic and Good Luck
  8469 | Slime:5  | Identified the +4 plate armour "Wuestog" {rElec rF+} (You found it on level 5 of the Pits of Slime)
  8471 | Slime:5  | Got a slimy rune of Zot
  8641 | Lair:5   | Learned a level 2 spell: Song of Slaying
  8655 | Lair:6   | Entered Level 6 of the Lair of Beasts
  8788 | D:12     | Got a fine hat
  8906 | D:12     | Learned a level 4 spell: Summon Lightning Spire
  8938 | D:13     | Identified the cursed +0 hat of Zoratz {+Fly rN+ Dex+2} (You found it on level 12 of the Dungeon)
  9058 | D:14     | Found Kisor's Weapon Boutique.
  9135 | D:15     | Entered Level 15 of the Dungeon
  9170 | D:15     | Noticed Louise
  9180 | D:15     | Killed Louise
  9223 | D:14     | Found a gate to the Vaults.
  9235 | Vaults:1 | Entered Level 1 of the Vaults
  9259 | Vaults:1 | Reached skill level 12 in Short Blades
  9259 | Vaults:1 | Reached skill level 12 in Long Blades
  9259 | Vaults:1 | Reached skill level 12 in Axes
  9259 | Vaults:1 | Reached skill level 12 in Maces & Flails
  9259 | Vaults:1 | Reached skill level 12 in Polearms
  9259 | Vaults:1 | Reached skill level 12 in Staves
  9259 | Vaults:1 | Reached skill level 12 in Slings
  9259 | Vaults:1 | Reached skill level 12 in Bows
  9259 | Vaults:1 | Reached skill level 12 in Crossbows
  9259 | Vaults:1 | Reached skill level 12 in Throwing
  9259 | Vaults:1 | Reached skill level 12 in Armour
  9259 | Vaults:1 | Reached skill level 12 in Stealth
  9259 | Vaults:1 | Reached skill level 12 in Shields
  9259 | Vaults:1 | Reached skill level 12 in Evocations
  9279 | Vaults:1 | Identified a scroll of acquirement
  9330 | Vaults:1 | Reached skill level 13 in Invocations
  9386 | Vaults:1 | Reached skill level 11 in Transmutations
  9430 | Vaults:1 | Identified the +7 scimitar of Compulsion {freeze, rPois MR+ Dex+4} (You found it on level 1 of the Vaults)
  9441 | Vaults:1 | Identified the Collected Works on Attacks and Lightness
  9506 | Vaults:2 | Reached skill level 13 in Spellcasting
  9532 | Vaults:2 | Reached skill level 11 in Poison Magic
  9553 | Vaults:2 | Reached skill level 13 in Dodging
  9581 | Vaults:2 | Reached XP level 19. HP: 101/147 MP: 8/36
  9781 | Vaults:2 | Found a staircase to the Crypt.
  9887 | Vaults:2 | Identified the cursed +1 arbalest "Embalmer" {flame, MR- Str+3 Int+4} (You found it on level 2 of the Vaults)
 10081 | Vaults:2 | Found Fualyadgh's Food Emporium.
 10343 | Vaults:3 | Noticed grindst0ne's ghost (adept FoFi)
 10354 | Vaults:3 | Killed grindst0ne's ghost
 10417 | Vaults:4 | Noticed Mara
 10424 | Vaults:4 | Killed Mara
 10424 | Vaults:4 | Reached skill level 14 in Unarmed Combat
 10459 | Vaults:4 | Reached skill level 13 in Fighting
 10537 | Vaults:4 | Reached skill level 11 in Conjurations
 10537 | Vaults:4 | Reached skill level 11 in Hexes
 10537 | Vaults:4 | Reached skill level 11 in Charms
 10537 | Vaults:4 | Reached skill level 11 in Summonings
 10537 | Vaults:4 | Reached skill level 11 in Necromancy
 10537 | Vaults:4 | Reached skill level 11 in Translocations
 10537 | Vaults:4 | Reached skill level 11 in Fire Magic
 10537 | Vaults:4 | Reached skill level 11 in Ice Magic
 10537 | Vaults:4 | Reached skill level 11 in Air Magic
 10537 | Vaults:4 | Reached skill level 11 in Earth Magic
 10763 | Vaults:5 | Entered Level 5 of the Vaults
 10768 | Vaults:5 | Reached XP level 20. HP: 152/156 MP: 37/37
 10773 | Vaults:5 | Reached skill level 13 in Short Blades
 10773 | Vaults:5 | Reached skill level 13 in Long Blades
 10773 | Vaults:5 | Reached skill level 13 in Axes
 10773 | Vaults:5 | Reached skill level 13 in Maces & Flails
 10773 | Vaults:5 | Reached skill level 13 in Polearms
 10773 | Vaults:5 | Reached skill level 13 in Staves
 10773 | Vaults:5 | Reached skill level 13 in Slings
 10773 | Vaults:5 | Reached skill level 13 in Bows
 10773 | Vaults:5 | Reached skill level 13 in Crossbows
 10773 | Vaults:5 | Reached skill level 13 in Throwing
 10773 | Vaults:5 | Reached skill level 13 in Armour
 10773 | Vaults:5 | Reached skill level 13 in Stealth
 10773 | Vaults:5 | Reached skill level 13 in Shields
 10773 | Vaults:5 | Reached skill level 14 in Invocations
 10773 | Vaults:5 | Reached skill level 13 in Evocations
 10776 | Vaults:5 | Noticed an ancient lich
 10786 | Vaults:4 | Killed an ancient lich
 10790 | Vaults:4 | Reached skill level 14 in Spellcasting
 10829 | Vaults:5 | Reached skill level 12 in Transmutations
 10833 | Vaults:5 | Reached skill level 14 in Dodging
 10835 | Vaults:5 | HP: 5/157 [tengu reaver/bolt of lightning (42)]
 10837 | Vaults:5 | Reached skill level 12 in Poison Magic
 10968 | Vaults:5 | Reached XP level 21. HP: 48/164 MP: 35/39
 11281 | Vaults:5 | Reached skill level 14 in Fighting
 11317 | Vaults:5 | Reached skill level 15 in Unarmed Combat
 11392 | Vaults:5 | Learned a level 1 spell: Apportation
 11454 | Vaults:5 | Reached skill level 15 in Invocations
 11460 | Vaults:5 | Reached skill level 12 in Conjurations
 11460 | Vaults:5 | Reached skill level 12 in Hexes
 11460 | Vaults:5 | Reached skill level 12 in Charms
 11460 | Vaults:5 | Reached skill level 12 in Summonings
 11460 | Vaults:5 | Reached skill level 12 in Necromancy
 11460 | Vaults:5 | Reached skill level 12 in Translocations
 11460 | Vaults:5 | Reached skill level 12 in Fire Magic
 11460 | Vaults:5 | Reached skill level 12 in Ice Magic
 11460 | Vaults:5 | Reached skill level 12 in Air Magic
 11460 | Vaults:5 | Reached skill level 12 in Earth Magic
 11561 | Vaults:5 | HP: 14/165 [storm dragon/bolt of lightning (50)]
 11564 | Vaults:5 | HP: 4/165 [storm dragon (14)]
 11565 | Vaults:5 | Noticed a golden dragon
 11569 | Vaults:5 | Reached skill level 14 in Short Blades
 11569 | Vaults:5 | Reached skill level 14 in Long Blades
 11569 | Vaults:5 | Reached skill level 14 in Axes
 11569 | Vaults:5 | Reached skill level 14 in Maces & Flails
 11569 | Vaults:5 | Reached skill level 14 in Polearms
 11569 | Vaults:5 | Reached skill level 14 in Staves
 11569 | Vaults:5 | Reached skill level 14 in Slings
 11569 | Vaults:5 | Reached skill level 14 in Bows
 11569 | Vaults:5 | Reached skill level 14 in Crossbows
 11569 | Vaults:5 | Reached skill level 14 in Throwing
 11569 | Vaults:5 | Reached skill level 14 in Armour
 11569 | Vaults:5 | Reached skill level 14 in Stealth
 11569 | Vaults:5 | Reached skill level 14 in Shields
 11569 | Vaults:5 | Reached skill level 14 in Evocations
 11570 | Vaults:5 | Killed from afar by a deep elf high priest

Skill      XL: |  1  2  3  4  5  6  7  8  9 10 11 12 13 14 15 16 17 18 19 20 21 |
---------------+----------------------------------------------------------------+-----
Spellcasting   | 5 6 7 8 9 10 11 12 13 14 | 14.6
Invocations    | 1 2 3 4 5 6 7 8 9 10 11 12 13 14 15 | 15.0
Short Blades   | 1 2 3 4 5 6 7 8 9 10 11 12 13 14 | 14.0
Long Blades    | 1 2 3 4 5 6 7 8 9 10 11 12 13 14 | 14.0
Axes           | 1 2 3 4 5 6 7 8 9 10 11 12 13 14 | 14.0
Maces & Flails | 1 2 3 4 5 6 7 8 9 10 11 12 13 14 | 14.0
Polearms       | 1 2 3 4 5 6 7 8 9 10 11 12 13 14 | 14.0
Staves         | 1 2 3 4 5 6 7 8 9 10 11 12 13 14 | 14.0
Slings         | 1 2 3 4 5 6 7 8 9 10 11 12 13 14 | 14.0
Bows           | 1 2 3 4 5 6 7 8 9 10 11 12 13 14 | 14.0
Crossbows      | 1 2 3 4 5 6 7 8 9 10 11 12 13 14 | 14.0
Throwing       | 1 2 3 4 5 6 7 8 9 10 11 12 13 14 | 14.0
Armour         | 1 2 3 4 5 6 7 8 9 10 11 12 13 14 | 14.0
Stealth        | 1 2 3 4 5 6 7 8 9 10 11 12 13 14 | 14.0
Shields        | 1 2 3 4 5 6 7 8 9 10 11 12 13 14 | 14.0
Evocations     | 1 2 3 4 5 6 7 8 9 10 11 12 13 14 | 14.0
Conjurations   | 1 2 3 4 5 6 7 8 9 10 11 12 | 12.0
Hexes          | 1 2 3 4 5 6 7 8 9 10 11 12 | 12.0
Charms         | 1 2 3 4 5 6 7 8 9 10 11 12 | 12.0
Summonings     | 1 2 3 4 5 6 7 8 9 10 11 12 | 12.0
Necromancy     | 1 2 3 4 5 6 7 8 9 10 11 12 | 12.0
Translocations | 1 2 3 4 5 6 7 8 9 10 11 12 | 12.0
Fire Magic     | 1 2 3 4 5 6 7 8 9 10 11 12 | 12.0
Ice Magic      | 1 2 3 4 5 6 7 8 9 10 11 12 | 12.0
Air Magic      | 1 2 3 4 5 6 7 8 9 10 11 12 | 12.0
Earth Magic    | 1 2 3 4 5 6 7 8 9 10 11 12 | 12.0
Poison Magic   | 1 2 3 4 5 6 7 8 9 10 11 12 | 12.4
Fighting       | 3 4 5 6 7 8 9 10 11 12 13 14 | 14.2
Transmutations | 4 5 6 7 8 9 10 11 12 | 12.5
Dodging        | 5 6 7 8 9 10 11 12 13 14 | 14.5
Unarmed Combat | 7 8 9 10 11 12 13 14 15 | 15.1

Action                   |  1- 3 |  4- 6 |  7- 9 | 10-12 | 13-15 | 16-18 | 19-21 || total
-------------------------+-------+-------+-------+-------+-------+-------+-------++-------
Melee: Unarmed           |    38 |    63 |   141 |   229 |   414 |   264 |   183 ||  1332
       Bite              |     3 |       |     4 |    36 |    65 |    84 |    84 ||   276
       Headbutt          |     3 |       |     2 |    53 |   125 |   156 |   158 ||   497
       Kick              |     3 |       |     3 |     2 |       |       |       ||     8
       Dagger            |       |       |    10 |    25 |    17 |     7 |       ||    59
       Punch             |       |       |     1 |    13 |    23 |    32 |    25 ||    94
       Hand axe          |       |       |       |       |     1 |    83 |   180 ||   264
       Demon trident     |       |       |       |       |       |    60 |       ||    60
 Fire: Blowgun           |       |       |    14 |     6 |       |       |       ||    20
Throw: Stone             |       |     1 |       |       |       |       |       ||     1
       Tomahawk          |       |       |       |     2 |       |       |       ||     2
       Javelin           |       |       |       |       |       |    19 |    30 ||    49
 Cast: Beastly Appendage |    10 |       |     1 |     2 |       |       |       ||    13
       Sticks to Snakes  |     2 |     9 |     6 |    25 |    41 |     4 |     1 ||    88
       Spider Form       |     2 |    14 |    16 |     4 |       |       |       ||    36
       Blade Hands       |       |       |     2 |    26 |    45 |    26 |    17 ||   116
       Ozocubu's Armour  |       |       |       |    16 |    35 |    10 |    14 ||    75
       Regeneration      |       |       |       |       |     3 |    32 |    21 ||    56
       Borgnjor's Vile C |       |       |       |       |     1 |    53 |    48 ||   102
       Animate Dead      |       |       |       |       |     1 |     6 |     1 ||     8
       Deflect Missiles  |       |       |       |       |       |     2 |     3 ||     5
       Shadow Creatures  |       |       |       |       |       |     8 |       ||     8
       Animate Skeleton  |       |       |       |       |       |     1 |       ||     1
       Song of Slaying   |       |       |       |       |       |       |     9 ||     9
Invok: Bend Time         |       |       |       |     1 |       |       |     1 ||     2
       Slouch            |       |       |       |     1 |     9 |    17 |    13 ||    40
       Temporal Distorti |       |       |       |       |     2 |       |       ||     2
 Abil: End Transformatio |       |       |     2 |     4 |     2 |     5 |     3 ||    16
Evoke: Wand              |       |       |     9 |     8 |     5 |     2 |     4 ||    28
  Use: Scroll            |       |     2 |     5 |     7 |    19 |    17 |     6 ||    56
       Potion            |       |     1 |     6 |     2 |     3 |     6 |     1 ||    19
 Stab: Sleeping          |     2 |     1 |     1 |    11 |     8 |    18 |    11 ||    52
       Distracted        |       |     1 |       |     4 |     7 |    10 |     1 ||    23
       Invisible         |       |       |       |       |     8 |       |       ||     8
  Eat: Ration            |       |     1 |     1 |     1 |     1 |     5 |     1 ||    10
       Chunk             |       |       |     1 |     3 |     5 |       |       ||     9
Armor: Robe              |     7 |       |       |       |       |       |       ||     7
       Skin              |       |     2 |     2 |     2 |       |       |       ||     6
       Ring mail         |       |       |     8 |     1 |       |    66 |       ||    75
       Troll leather arm |       |       |       |    24 |   152 |    84 |    27 ||   287
       Fire dragon scale |       |       |       |       |       |       |    99 ||    99
Dodge: Dodged            |    35 |    47 |   135 |   228 |   570 |   627 |   391 ||  2033
       Deflected         |       |       |       |       |       |    38 |    35 ||    73
Block: Shield            |       |       |       |       |    90 |   182 |   205 ||   477

Table legend:
 A = Turns spent in this place as a percentage of turns spent in the entire game.
 B = Non-inter-level travel turns spent in this place as a percentage of non-inter-level travel turns spent in the entire game.
 C = Inter-level travel turns spent in this place as a percentage of turns spent in this place.
 D = Turns resting spent in this place as a percentage of non-inter-level travel turns spent in this place.
 E = Turns spent auto-exploring this place as a percentage of non-inter-level travel turns spent in this place.
 F = Non-inter-level travel turns spent in this place divided by the number of levels of this place that you've seen.
                   A       B       C       D       E      F
               +-------+-------+-------+-------+-------+----------------------
         Total | 100.0 | 100.0 |   0.6 |   0.0 |   0.0 | 261.5
       Dungeon |  29.9 |  30.0 |   0.0 |   0.0 |   0.0 | 230.3
        Temple |   0.9 |   0.9 |   0.0 |   0.0 |   0.0 | 109.0
          Lair |  11.0 |  11.1 |   0.0 |   0.0 |   0.0 | 212.2
        Shoals |  11.0 |  11.1 |   0.0 |   0.0 |   0.0 | 319.0
   Spider Nest |  12.4 |  12.1 |   2.3 |   0.0 |   0.0 | 349.2
    Slime Pits |   4.4 |   4.5 |   0.0 |   0.0 |   0.0 | 102.4
  Orcish Mines |   7.2 |   7.0 |   3.9 |   0.0 |   0.0 | 402.0
        Vaults |  20.2 |  20.3 |   0.0 |   0.0 |   0.0 | 467.0
     Labyrinth |   1.8 |   1.8 |   0.0 |   0.0 |   0.0 | 212.0
         Sewer |   1.1 |   1.1 |   0.0 |   0.0 |   0.0 | 132.0
               +-------+-------+-------+-------+-------+----------------------

Table legend:
 A = Kills in this place as a percentage of kills in entire the game.
 B = Kills by you in this place as a percentage of kills by you in the entire game.
 C = Kills by friends in this place as a percentage of kills by friends in the entire game.
 D = Other kills in this place as a percentage of other kills in the entire game.
 E = Experience gained in this place as a percentage of experience gained in the entire game.
 F = Experience gained in this place divided by the number of levels of this place that you have seen.
                   A       B       C       D       E      F
               +-------+-------+-------+-------+-------+----------------------
         Total | 100.0 | 100.0 | 100.0 | 100.0 | 100.0 | 12956.8
       Dungeon |  20.4 |  20.8 |  11.1 |  16.7 |   5.5 | 2074.0
          Lair |   9.8 |   9.4 |  20.0 |   0.0 |   4.3 | 4124.8
        Shoals |  13.0 |  13.1 |   8.9 |  16.7 |  12.7 | 18093.8
   Spider Nest |  13.8 |  13.1 |  31.1 |   0.0 |   9.9 | 14118.2
    Slime Pits |   3.6 |   3.4 |   8.9 |   0.0 |  10.4 | 11885.4
  Orcish Mines |   7.8 |   7.5 |  15.6 |   0.0 |   3.8 | 10823.5
        Vaults |  30.9 |  31.9 |   4.4 |  66.7 |  53.2 | 60620.4
     Labyrinth |   0.1 |   0.1 |   0.0 |   0.0 |   0.2 | 1105.0
         Sewer |   0.6 |   0.6 |   0.0 |   0.0 |   0.0 | 110.0
               +-------+-------+-------+-------+-------+----------------------

Vault maps used:
D:1:      lightli_arrival_chessboard, grunt_decor_one_mirror,
          minmay_misc_feat_roman
D:2:      uniq_natasha
D:4:      overflow_temple_1_default, temple_fountains, first_ration,
          kennysheep_small_square
D:5:      portal_sewer_entry_d, uniq_ijyb, uniq_blork_the_orc
D:6:      minmay_opposing_rooms, serial_shops, nicolae_shop_waterfront
D:9:      basic_altar, uniq_maurice, uniq_pikel
D:10:     uniq_harold
D:11:     dpeg_lair_monsters, orc_0_dummy
D:14:     david_vaults_5, patterned_corridor, serial_shops, shop_coins
D:15:     grunt_enter_depths_giant_problem, minmay_misc_feat_tower,
          hangedman_decor_growths, minmay_the_grid_square_5x5_3x3_mashed,
          uniq_louise
Temple:   minmay_crystal_snake_temple
Lair:1:   grunt_megastairs_3
Lair:2:   elwin_shoals_entry_stream, spider_nest_entry_web_field,
          nicolae_quartered_pool_medium, st_stairs_5,
          grunt_forest_large_clearings
Lair:3:   lemuel_fruit_tree, uniq_snorg, uniq_gastronok
Lair:4:   st_stairs_7
Lair:5:   minmay_slime_entry_oklob_open
Lair:6:   hangedman_lair_in_review
Shoals:1: nicolae_shoals_stone_sculpture_thing, nicolae_shoals_seven_spires
Shoals:2: lightli_airlock
Shoals:3: cheibrodos_shoals_gigantism, nicolae_shoals_aquamancer_cove
Shoals:4: shoals_end_grunt_ice, shoal_ilsuiw
Spider:1: nicolae_crawler_farm
Spider:2: hangedman_spider_trapstep
Spider:4: spider_rune_water, special_room, spiders_nest_spider_trap
Slime:2:  dissolution_awaits
Slime:3:  cheibrodos_slime_lost_civilization_4
Slime:4:  basic_altar, nicolae_slime_barrier
Orc:1:    basic_altar
Orc:2:    st_orc_ogre_mass, basic_altar, lab_entry_generic
Vaults:1: nicolae_vaults_specimen_jars, v_misc_22,
          nicolae_vaults_little_squares_4, ontoclasm_vaults_pinch,
          nicolae_vaults_network_star, ontoclasm_vaults_bender, v_pattern_3,
          nicolae_vaults_display_case, nicolae_vaults_little_squares_1,
          ontoclasm_vaults_misaligned, v_misc_29,
          nicolae_vaults_windows_and_doors_thing,
          nicolae_vaults_little_squares_1, serial_shops, shop
Vaults:2: ontoclasm_vaults_misaligned, hangedman_vaults_impose,
          minmay_crypt_entry_vampire_xt, ontoclasm_vaults_hangar,
          nicolae_vaults_yaktaur_gun_rack, nicolae_vaults_bisected_exclaves,
          grunt_vaults_trifunnel, ontoclasm_vaults_ring_small,
          vaults_mumra_hexcomb, dpeg_vaults_monster_row, serial_glass,
          serial_shops, shop_fountains
Vaults:3: grunt_vaults_hallway_short, nicolae_vaults_hallways_thing, st_lattice,
          hangedman_vaults_river_flow, hangedman_vaults_corner,
          grunt_vaults_swirl, ontoclasm_vaults_gateway, v_alt_pattern_1,
          hangedman_vaults_cutoff, serial_shops, shop
Vaults:4: nicolae_vaults_little_squares_4, v_alt_pattern_1,
          nicolae_vaults_big_ls, vaults_room_corners,
          nicolae_vaults_little_squares_2, uniq_mara, uniq_mennas
Vaults:5: serial_shops
Sewer:    sewer_the_crocodile
